 Dungeon Crawl Stone Soup version 0.22-a0-570-g58866f5d57 (webtiles) character file.

145 Kholdaimon the Insei (level 5, 0/34 HPs)
             Began as an Octopode Transmuter on June 29, 2018.
             Slain by a sky beast (2 damage)
             ... on level 3 of the Dungeon.
             The game lasted 00:10:12 (2962 turns).

Kholdaimon the Insei (Octopode Transmuter)          Turns: 2962, Time: 00:10:13

Health: 0/34       AC:  1    Str:  9    XL:     5   Next: 27%
Magic:  9/9        EV: 13    Int: 17    God:
Gold:   163        SH:  0    Dex: 12    Spells: 6/9 levels left

rFire    . . .     SeeInvis .     - Unarmed
rCold    . . .     Gourm    .   (no shield)
rNeg     . . .     Faith    .   (helmet restricted)
rPois    .         Spirit   .   (no amulet)
rElec    .         Reflect  .   (no ring)
rCorr    .         Harm     .   (no ring)
MR       .....                  (no ring)
Stlth    ++........             (no ring)
HPRegen  0.11/turn              (no ring)
MPRegen  0.11/turn              (no ring)
                                (no ring)
                                (no ring)

@: appendage
A: almost no armour, stealthy swim, amphibious, 8 rings, constrict 8, tentacle
spike 3, camouflage 1, gelatinous body 1
a: End Transformation


You were on level 3 of the Dungeon.
You were hungry.
One of your tentacles had a temporary spike.
You visited 1 branch of the dungeon, and saw 3 of its levels.

You collected 163 gold pieces.

Inventory:

Hand Weapons
 j - a +0 hunting sling
Missiles
 a - 20 arrows
 e - 60 stones (quivered)
Jewellery
 f - a +3 ring of intelligence {unknown}
Scrolls
 b - a scroll of blinking {unknown}
 d - a scroll of identify {unknown}
 g - a scroll of teleportation {unknown}
 i - a scroll of remove curse {unknown}
Potions
 h - a potion of ambrosia {unknown}
Comestibles
 c - 3 rations
 k - 3 chunks of flesh


   Skills:
 + Level 2.2 Fighting
 - Level 2.0 Dodging
 + Level 3.7 Unarmed Combat
 + Level 2.8 Spellcasting
 * Level 3.6 Transmutations


You had 6 spell levels left.
You knew the following spells:

 Your Spells              Type           Power        Failure   Level  Hunger
a - Beastly Appendage     Tmut           ##....       4%          1    #......
b - Sticks to Snakes      Tmut           ##......     6%          2    ##.....

Your spell library contained the following spells:

 Spells                   Type           Power        Failure   Level  Hunger
 Spider Form              Tmut/Pois      #.........   26%         3    ###....
 Blade Hands              Tmut           ##........   73%         5    ######.
 Ice Form                 Ice/Tmut       #.......     63%         4    #####..


Dungeon Overview and Level Annotations

Branches:
Dungeon (3/15)

Altars:
Ashenzari


Innate Abilities, Weirdness & Mutations

You cannot wear most types of armour.
You are very stealthy in the water. (Stealth+)
You are amphibious.
You can wear up to eight rings at the same time.
You can use your tentacles to constrict eight enemies at once.
Your skin changes colour to match your surroundings (Stealth+).
Your rubbery body absorbs attacks. (AC +1, EV +1)
One of your tentacles bears a large vicious spike.


Message History

You pierce the sky beast, but do no damage.
The sky beast is severely wounded.
The sky beast barely misses you.
You barely miss the sky beast.
You pierce the sky beast, but do no damage.
The sky beast is severely wounded.
The sky beast barely misses you.
You closely miss the sky beast.
The sky beast is severely wounded.
You closely miss the sky beast.
Your tentacle spike misses the sky beast.
The sky beast is severely wounded.
The sky beast hits you.
* * * LOW HITPOINT WARNING * * *
The sky beast shocks you.
* * * LOW HITPOINT WARNING * * *
You tentacle-slap the sky beast. Your squeeze misses the sky beast.
The sky beast is severely wounded.
The sky beast hits you.
You die...

#..#.....#..≈≈≈≈≈≈≈
..#..........≈≈.≈≈..
#.#...><...≈≈.....≈.
#.#.................
#...................
##..................
#.................#
###...............>.
#.Y@..............##
.......###.>...##......#
....... #....#######....
....... ###..# ..##
..##..% #..# .# . ....
#..# .# ..... #...
.(.... #....


You could see a sky beast.

Vanquished Creatures
  A worker ant (D:2)
  4 adders
  3 gnolls
  2 oozes
  A dart slug (D:2)
  3 leopard geckos (D:1)
  An orc (D:2)
  3 ball pythons
  6 bats
  2 giant cockroaches
  5 goblins
  4 hobgoblins
  2 frilled lizards (D:2)
  2 kobolds
  4 rats
43 creatures vanquished.

Notes
Turn   | Place    | Note
-------+----------+-------------------------------------------
     0 | D:1      | Kholdaimon the Octopode Transmuter began the quest for the Orb.
     0 | D:1      | Reached XP level 1. HP: 13/13 MP: 3/3
    90 | D:1      | Found a shattered altar of Ashenzari.
   216 | D:1      | Reached XP level 2. HP: 18/18 MP: 5/5
   220 | D:1      | Learned a level 2 spell: Sticks to Snakes
   918 | D:1      | Reached XP level 3. HP: 17/23 MP: 4/6
  1516 | D:2      | Reached XP level 4. HP: 29/29 MP: 7/7
  1671 | D:2      | HP: 1/29 [gnoll/halberd (13)]
  2475 | D:2      | Reached XP level 5. HP: 13/34 MP: 7/9
  2948 | D:3      | Noticed a sky beast
  2962 | D:3      | Slain by a sky beast

Vault maps used:
D:1:      nzn_arrival_water_spiral, ashenzari_altar_1
D:2:      minmay_pentomino_q2
D:3:      chequers_ecumenical_altar_island, uniq_ijyb, uniq_robin

Skill      XL: |  1  2  3  4 |
---------------+-------------+-----
Transmutations | 3 |  3.6
Fighting       | 2 |  2.2
Dodging        | |  2.0
Unarmed Combat | |  3.7
Spellcasting   | |  2.8

Action                   |  1- 3 |  4- 6 || total
-------------------------+-------+-------++-------
Melee: Unarmed           |    66 |    59 ||   125
       Constrict         |    14 |    12 ||    26
       Kick              |    10 |     6 ||    16
       Tentacles         |     8 |     7 ||    15
       Punch             |     4 |       ||     4
Throw: Stone             |     6 |     5 ||    11
 Cast: Beastly Appendage |     9 |     5 ||    14
 Stab: Sleeping          |     4 |     2 ||     6
  Eat: Chunk             |     2 |     4 ||     6
Armor: Skin              |     8 |     3 ||    11
Dodge: Dodged            |    48 |    44 ||    92

Table legend:
 A = Spawn XP
 B = Non-spawn XP
 C = Spawn XP percentage of total XP
 D = Spawn monster count
 E = Non-spawn monster count
 F = Spawn count percentage of total count
 G = Total turns spent on level
                    A         B        C        D         E        F      G
               +---------+---------+-------+---------+---------+-------+---------
         Total |       0 |     208 |   0.0 |       0 |      43 |   0.0 |  2962
               +---------+---------+-------+---------+---------+-------+---------
           D:1 |       0 |      52 |   0.0 |       0 |      17 |   0.0 |  1213
           D:2 |       0 |     133 |   0.0 |       0 |      22 |   0.0 |  1639
           D:3 |       0 |      23 |   0.0 |       0 |       4 |   0.0 |   110
               +---------+---------+-------+---------+---------+-------+---------
